[Event "Klubbmästerskap 2025 Torsdagar"]
[Site "Linköping, Sweden"]
[Date "2025.02.27"]
[Round "5.1"]
[White "Rosenbecker, Daniel"]
[Black "Grundel, Sam"]
[Result "0-1"]
[TimeControl "90 min + 30 sec/move"]
[WhiteTitle "CM"]
[WhiteElo "2110"]
[BlackElo "2019"]

1. d4 d5 2. c4 c6 3. Nf3 Nf6 4. g3 dxc4 5. Bg2 b5 6. Ne5 Bb7 7. a4 a6 8. b3 cxb3 9. Bb2 e6 10.
O-O Nbd7 11. Nxc6 Qb6 12. axb5 axb5 13. Rxa8+ Bxa8 14. Ne5 Bxg2 15. Kxg2 Be7 16. Qxb3 O-O 17. Nxd7 Qb7+ 18. f3 Nxd7 19.
Rc1 b4 20. Qc4 Nb6 21. Qb5 Qa7 22. Nd2 Qa2 23. Rc2 Na4 24. Nc4 Nc3 25. Qb7 Qxc4 26. Qxe7 Qb3 27. Bxc3 Qxc2 28. Bxb4 Qxe2+ 29. Kh3 Ra8 30. Qb7 Qa6 31. Qe4 h6 32. d5 exd5 33. Qxd5 Qe6+ 34. Qxe6 fxe6 35. Bd6 Ra5 36. g4 Rd5 37. Bb8 e5 38. Kg2 Kf7 39.
h4 Ke6 40. Ba7 Rb5 41. Be3 Kd5 42. h5 Rb3 43. Kf2 e4 44. g5 hxg5 45. fxe4+ Kxe4 46. Bxg5 Kf5 47. Be3 Rxe3 48. Kxe3 Kg5 49.
Kf3 Kxh5 50. Kf4 Kh4 51. Kf3 g5 52. Kg2 Kg4 53. Kh2 Kf3 54. Kh3 g4 55. Kh2 Kf2 56. Kh1 Kg3 57. Kg1 Kh3 58.
Kh1 g3 0-1

[Event "Klubbmästerskap 2025 Torsdagar"]
[Site "Linköping, Sweden"]
[Date "2025.02.27"]
[Round "5.2"]
[White "Andersson, Stefan 1975"]
[Black "Gustafsson, Nils"]
[Result "1-0"]
[TimeControl "90 min + 30 sec/move"]
[WhiteElo "1937"]
[BlackElo "1860"]

1. e4 e5 2. Nf3 Nc6 3. Bb5 a6 4. Bxc6 dxc6 5. O-O Bg4 6. h3 h5 7. d3 Qf6 8. Nbd2 Ne7 9. Nc4 Bxf3 10.
Qxf3 Qxf3 11. gxf3 Ng6 12. Be3 c5 13. a4 O-O-O 14. Kh1 Bd6 15. Rg1 Rdg8 16. Rg3 Nf4 17. Bxf4 exf4 18. Rg5 g6 19.
Rag1 Rd8 20. Re1 Rhe8 21. Rgg1 Be5 22. a5 Re6 23. Ra1 Bf6 24. Rgd1 Bg7 25. Re1 Be5 26. Kg2 Rd7 27. Kf1 Rd8 28.
Ra3 Rd7 29. Rb3 Rd8 30. Rb1 c6 31. Ra3 Kb8 32. Ke2 Re7 33. Ra4 Re6 34. b4 cxb4 35. Raxb4 Rd7 36. R4b3 Ree7 37. Nb6 Rd8 38.
Na4 Bd4 39. c3 Ba7 40. d4 Kc8 41. Rg1 Kc7 42. Kf1 Rdd7 43. Rg5 Rd8 44. Rb1 Rdd7 45. Re1 Rd8 46. Re2 Rdd7 47. Rd2 Rd8 48.
Ke1 Rdd7 49. Kd1 Rd8 50. Rg1 Rdd7 51. Re1 Re8 52. e5 Rd5 53. Re4 Rxa5 54. Nb2 Ra1+ 55. Ke2 Rh1 56. Nc4 g5 57.
Nd6 Re7 58. Nf5 Re8 59. Ng7 Rh8 60. e6 fxe6 61. Nxe6+ Kd7 62. Nxg5 Rg8 63. Nh7 Rgg1 64. Nf6+ Kd6 65. Nxh5 a5 66.
Nxf4 a4 67. Kd3 b5 68. Re6+ Kd7 69. Rg6 Bb8 70. Rxg1 Rxg1 71. Nh5 a3 72. Nf6+ Ke6 73. Ne4 Bf4 74. Ra2 Bc1 75. Ra1 Rd1+ 76.
Kc2 1-0

[Event "Klubbmästerskap 2025 Torsdagar"]
[Site "Linköping, Sweden"]
[Date "2025.02.27"]
[Round "5.3"]
[White "Westerberg, Hampus"]
[Black "Pettersson, Börje"]
[Result "1/2-1/2"]
[TimeControl "90 min + 30 sec/move"]
[WhiteElo "1851"]
[BlackElo "1906"]

1. e4 c5 2. c3 g6 3. d4 cxd4 4. cxd4 d5 5. exd5 Qxd5 6. Nc3 Qd8 7. Nf3 Bg7 8. Be2 Nf6 9. O-O O-O 10.
h3 a6 11. Be3 b5 12. a3 Bb7 13. Qd2 Nbd7 14. Rad1 Nb6 15. Rfe1 Rc8 16. Bh6 Nc4 17. Bxc4 Bxf3 18. Bxf7+ Rxf7 19.
gxf3 Qd7 20. Kg2 Nh5 21. Rh1 Rcf8 22. Bxg7 Kxg7 23. Qe3 Qf5 24. Rd2 Nf4+ 25. Kf1 Nxh3 26. Qe4 Qxf3 27. Qxf3 Rxf3 28.
Kg2 Ng5 29. Re1 e6 30. Ne4 Nxe4 31. Rxe4 R8f6 32. Rc2 Rb3 33. Rc7+ Kh6 34. Re2 a5 35. Rc6 a4 36. d5 Rf7 37.
dxe6 Re7 38. Rd2 Kg7 39. f3 Re3 40. Rb6 R3xe6 41. Rxb5 1/2-1/2

[Event "Klubbmästerskap 2025 Torsdagar"]
[Site "Linköping, Sweden"]
[Date "2025.02.27"]
[Round "5.5"]
[White "Karlsson, Henrik 1974"]
[Black "Snällfot, Magnus"]
[Result "0-1"]
[TimeControl "90 min + 30 sec/move"]
[WhiteElo "1804"]
[BlackElo "1778"]

1. e4 e5 2. Nf3 Nc6 3. d4 exd4 4. Nxd4 Bc5 5. Nb3 Bb6 6. Nc3 a6 7. Qe2 d6 8. Be3 Bxe3 9. Qxe3 Nf6 10.
O-O-O O-O 11. h4 Re8 12. f3 Qe7 13. g4 Be6 14. h5 Kh8 15. g5 Ng8 16. Bd3 Rad8 17. f4 d5 18. Qg3 dxe4 19.
Bxe4 f5 20. gxf6 Nxf6 21. Rxd8 Rxd8 22. Bxc6 bxc6 23. h6 g6 24. Re1 Qd6 25. Qe3 Bxb3 26. axb3 Kg8 27. Rd1 Nd5 28. Nxd5 cxd5 29.
Qd4 Qf8 30. Qe5 Qxh6 31. Rxd5 Qh1+ 0-1

[Event "Klubbmästerskap 2025 Torsdagar"]
[Site "Linköping, Sweden"]
[Date "2025.02.27"]
[Round "5.6"]
[White "Garner, Mårten"]
[Black "Stefanovic, Dragan 1958"]
[Result "1/2-1/2"]
[TimeControl "90 min + 30 sec/move"]
[WhiteElo "1841"]
[BlackElo "1791"]

1. d4 Nf6 2. c4 c5 3. d5 b5 4. cxb5 a6 5. f3 axb5 6. e4 Qa5+ 7. Bd2 Qb6 8. Na3 Ba6 9. Rc1 e6 10.
Qb3 exd5 11. e5 c4 12. Nxc4 Qe6 13. Ne3 Qxe5 14. Kf2 Bd6 15. Bxb5 O-O 16. Ne2 Bxb5 17. Qxb5 Nc6 18. Qd3 Rxa2 19.
Bc3 Qe7 20. Rhe1 Bc5 21. Nd4 Qd6 22. g3 Bxd4 23. Bxd4 Nxd4 24. Qxd4 Rb8 25. Rc2 g6 26. Rec1 Rb4 27. Qc3 Qb6 28.
Kg2 Raxb2 29. Qe5 d4 30. Ng4 Nxg4 31. fxg4 Qc6+ 32. Kh3 Rxc2 33. Rxc2 Qxc2 34. Qe8+ Kg7 35. Qe5+ Kf8 36. Qd6+ Ke8 37. Qxb4 Qc3 38.
Qb8+ Ke7 39. Qe5+ Kd8 40. Qb8+ Qc8 41. Qb6+ Qc7 42. Qxd4 1/2-1/2

[Event "Klubbmästerskap 2025 Torsdagar"]
[Site "Linköping, Sweden"]
[Date "2025.02.27"]
[Round "5.7"]
[White "Lilljebjörn, Erik Gustaf"]
[Black "Qwarfort, Fredrik"]
[Result "1/2-1/2"]
[TimeControl "90 min + 30 sec/move"]
[WhiteElo "1783"]
[BlackElo "1826"]

1. e4 d6 2. d4 Nf6 3. Nc3 g6 4. Bg5 Bg7 5. e5 Nfd7 6. exd6 cxd6 7. Nf3 Nb6 8. a4 a5 9. Bb5+ Bd7 10.
Bxd7+ Qxd7 11. Qe2 Nc6 12. Nb5 O-O 13. O-O h6 14. Bf4 g5 15. Be3 d5 16. Nd2 Rac8 17. Nb3 Nc4 18. Nc5 Qe8 19.
b3 b6 20. Nd3 Nxe3 21. Qxe3 Qd7 22. Rfe1 Qf5 23. Rac1 Rfd8 24. c3 Qf6 1/2-1/2

[Event "Klubbmästerskap 2025 Torsdagar"]
[Site "Linköping, Sweden"]
[Date "2025.02.27"]
[Round "5.8"]
[White "Ekman, Theo"]
[Black "Ahlström, Per"]
[Result "1-0"]
[TimeControl "90 min + 30 sec/move"]
[WhiteElo "1806"]
[BlackElo "1820"]

1. e4 c5 2. Nc3 g6 3. d4 Bg7 4. dxc5 Nc6 5. Bf4 a6 6. Qd2 Nf6 7. Be2 h5 8. Nf3 Qa5 9. h3 Qxc5 10.
e5 Ng8 11. Nd5 Kf8 12. Be3 Qa5 13. Qxa5 1-0